 Dungeon Crawl Stone Soup version 0.18-a0-1299-ge3c6ce7 (webtiles) character file.

1019 Gottschkopf the Shield-Bearer (level 8, -7/63 HPs)
             Began as a Formicid Fighter on Feb 11, 2016.
             Killed by divine providence
             ... invoked by an orc priest
              (13 damage)
             ... on level 6 of the Dungeon.
             The game lasted 00:10:27 (4166 turns).

Gottschkopf the Shield-Bearer (Formicid Fighter)    Turns: 4166, Time: 00:10:27

Health: -7/63      AC: 14    Str: 23    XL:     8   Next: 46%
Magic:  8/8        EV:  6    Int:  8    God:
Gold:   270        SH: 11    Dex: 10    Spells: 0 memorised, 7 levels left

rFire  . . .     SeeInvis +     a - +0 long sword
rCold  . . .     Gourm    .     r - +0 plate armour
rNeg   . . .     Faith    .     c - +0 shield
rPois  .         Spirit   .     (helmet unavailable)
rElec  .         Dismiss  .     (no cloak)
rCorr  .         Reflect  .     j - +0 pair of gloves
SustAt .         Harm     .     (no boots)
MR     .....                    (no amulet)
Stlth  ..........               (no ring)
                                (no ring)

@: not resistant to hostile enchantments, extremely unstealthy
A: permanent stasis, dig shafts and tunnels, four strong arms, antennae 3
a: Dig, Shaft Self


You were on level 6 of the Dungeon.
You were hungry.

You visited 1 branch of the dungeon, and saw 6 of its levels.
You also visited: Sewer.

You collected 270 gold pieces.

Inventory:

Hand Weapons
 a - a +0 long sword (weapon)
Armour
 c - a +0 shield (worn)
 j - a +0 pair of gloves (worn)
 r - a +0 plate armour (worn)
 z - a +0 cloak
Wands
 v - a wand of disintegration (11/24)
 E - a wand of iceblast (6/15)
Scrolls
 b - 2 scrolls of remove curse {unknown}
 e - 5 scrolls of identify {unknown}
 g - 2 scrolls of noise {unknown}
 i - 5 scrolls of magic mapping {unknown}
 k - 3 scrolls of enchant weapon {unknown}
 n - a scroll of blinking {unknown}
 p - 2 scrolls of random uselessness {unknown}
 q - a scroll of immolation {unknown}
 t - 2 scrolls of enchant armour {unknown}
 u - a scroll of teleportation {unknown}
 F - a scroll of summoning {unknown}
Potions
 d - 3 potions of might
 h - 3 potions of cure mutation {unknown}
 l - a potion of flight {unknown}
 o - 2 potions of mutation {unknown}
 s - 2 potions of heal wounds {unknown}
 w - a potion of curing {unknown}
 A - a potion of brilliance {unknown}
 C - a potion of berserk rage {unknown}
 D - a potion of agility {unknown}
Books
 x - a book of Frost

   Spells                             Type                      Level
   a - Freeze                         Ice                          1
   b - Throw Frost                    Conjuration/Ice              2
   c - Ozocubu's Armour               Charms/Ice                   3
   d - Throw Icicle                   Conjuration/Ice              4
   e - Summon Ice Beast               Ice/Summoning                4
 y - a book of Flames

   Spells                             Type                      Level
   a - Flame Tongue                   Conjuration/Fire             1
   b - Throw Flame                    Conjuration/Fire             2
   c - Conjure Flame                  Conjuration/Fire             3
   d - Inner Flame                    Hexes/Fire                   3
   e - Sticky Flame                   Conjuration/Fire             4
   f - Fireball                       Conjuration/Fire             5
Comestibles
 f - 4 bread rations
 m - a meat ration
 B - a royal jelly


   Skills:
 + Level 5.4 Fighting
 + Level 4.8 Long Blades
 + Level 6.0 Armour
 + Level 7.3 Shields


You had 7 spell levels left.
You didn't know any spells.

Dungeon Overview and Level Annotations

Branches:
Dungeon (6/15)
 Temple: D:4-7

Altars:
Dithmenos
Nemelex Xobeh
Yredelemnul

Shops:
D:4 =

Annotations:
D:3 Gottschkopf's ghost, amateur FoFi


Innate Abilities, Weirdness & Mutations

You are under a permanent stasis effect.
You can dig through walls and to a lower floor.
Your four strong arms can wield two-handed weapons with a shield.
You have a pair of large antennae on your head (SInv).


Message History

You hit the orc warrior.
The orc warrior is heavily wounded.
The orc warrior hits you with a mace of protection.
* * * LOW HITPOINT WARNING * * *
The orc wizard casts a spell.
The orc wizard blinks!
You hit the orc warrior but do no damage.
The orc warrior is heavily wounded.
The orc warrior hits you with a mace of protection!
* * * LOW HITPOINT WARNING * * *
You hit the orc warrior.
The orc warrior is heavily wounded.
The orc warrior barely misses you.
You hit the orc warrior but do no damage.
The orc warrior is heavily wounded.
The orc warrior hits you with a mace of protection.
* * * LOW HITPOINT WARNING * * *
The orc priest invokes the aid of Beogh against you.
Something smites you!
You die...

### ..# #.#
#### #.# {
..# #@# ###
#.# #o#
.....##.###o#
#o.{...oo#
#......o.#
#.##.##.## #
#.##.# ##
#..#.# .## #.
##.#.#


You could see an orc warrior, 2 orc priests, an orc wizard and an orc.

Vanquished Creatures
  Edmund (D:5)
  A phantom (D:4)
  An ogre (D:4)
  2 centaurs
  3 giant frogs
  2 crimson imps (D:5)
  An orc wizard (D:5)
  An iguana (D:4)
  2 worker ants
  A hound skeleton (D:6)
  3 gnolls (D:5)
  6 adders
  An ooze (D:1)
  An adder skeleton (D:4)
  A worm (D:3)
  10 giant geckos
  9 orcs
  6 bats
  8 giant cockroaches
  6 goblins
  5 hobgoblins
  3 quokkas
  A ball python (Sewer)
  2 giant cockroach zombies (D:5)
  7 giant newts
  7 kobolds
  A rat (D:1)
92 creatures vanquished.

Notes
Turn   | Place    | Note
--------------------------------------------------------------
     0 | D:1      | Gottschkopf the Formicid Fighter began the quest for the Orb.
     0 | D:1      | Reached XP level 1. HP: 18/18 MP: 1/1
    82 | D:1      | Reached XP level 2. HP: 22/24 MP: 2/2
   114 | D:1      | Reached skill level 4 in Shields
   540 | D:2      | Reached XP level 3. HP: 22/29 MP: 3/3
   550 | D:2      | Found a sparkling altar of Nemelex Xobeh.
   925 | D:2      | Reached XP level 4. HP: 37/37 MP: 4/4
  1523 | D:3      | Noticed Gottschkopf's ghost (amateur FoFi)
  1614 | D:4      | Found a glowing drain.
  1621 | Sewer    | Entered a sewer
  1796 | Sewer    | Reached XP level 5. HP: 42/42 MP: 5/5
  1868 | Sewer    | Noticed a giant frog
  1870 | Sewer    | Noticed a giant frog
  1876 | Sewer    | Killed a giant frog
  1876 | Sewer    | Reached skill level 5 in Shields
  1888 | Sewer    | Killed a giant frog
  1888 | Sewer    | Reached XP level 6. HP: 5/49 MP: 6/6
  2208 | D:4      | Noticed an ogre
  2217 | D:4      | Killed an ogre
  2343 | D:4      | Noticed a phantom
  2380 | D:4      | Killed a phantom
  2380 | D:4      | Reached skill level 5 in Armour
  2380 | D:4      | Reached XP level 7. HP: 48/55 MP: 7/7
  2393 | D:4      | Found a shadowy altar of Dithmenos.
  2403 | D:4      | Found Xegech's Jewellery Shop.
  2415 | D:4      | Reached skill level 6 in Shields
  2917 | D:4      | Found a basalt altar of Yredelemnul.
  2971 | D:5      | Entered Level 5 of the Dungeon
  3079 | D:5      | Reached skill level 5 in Fighting
  3227 | D:5      | Reached XP level 8. HP: 62/62 MP: 8/8
  3306 | D:5      | Noticed Edmund
  3388 | D:5      | Killed Edmund
  3388 | D:5      | Reached skill level 7 in Shields
  4166 | D:6      | Killed from afar by an orc priest

Vault maps used:
D:1:      eino_arrival_tree_alley
D:2:      old_standard_altar
D:3:      lemuel_round_altar, lemuel_round_altar, grunt_qazlal_sundering,
          dk_vineyard_1
D:4:      lemuel_coloured_pillars_altar, grunt_dithmenos_smoke, serial_shops,
          kennysheep_mini_moat, first_bread, lightli_sewer_entry_pipes
D:5:      uniq_edmund
Sewer:    sewer_frog_island_01

Action                   |  1- 3 |  4- 6 |  7- 9 || total
-------------------------+-------+-------+-------++-------
Melee: Long sword        |    82 |   168 |   189 ||   439
  Eat: Chunk             |       |     5 |     6 ||    11
